 Dungeon Crawl Stone Soup version 0.27.1-1-g398f81649c (webtiles) character file.

Game seed: 3531419586903225472

1644657 ABBCCCDDDD the Sensei (level 27, 192/217 HPs)
             Began as an Octopode Brigand on Sept 15, 2021.
             Was an Initiate of Gozag.
             Escaped with the Orb
             ... and 3 runes!
             The game lasted 02:40:19 (75915 turns).

ABBCCCDDDD the Sensei (Octopode Brigand)           Turns: 75915, Time: 02:40:20

Health: 192/217    AC: 10    Str: 16 (17) XL:     27
Magic:  39/39      EV: 21    Int: 31      God:    Gozag
Gold:   2563       SH: 24    Dex: 19      Spells: 22/50 levels left

rFire    + + .     SeeInvis +     - Unarmed
rCold    + + +     Faith    .   h - +5 kite shield {AC+3}
rNeg     + + .     Spirit   .   M - +2 hat {SInv}
rPois    +         Reflect  +   W - amulet "Edupamam" {Reflect rPois rCorr Int+2 SH+5}
rElec    .         Harm     .   F - ring of protection from fire
rCorr    +         Rampage  .   j - ring of flight
Will     +++++     Rnd*Rage +   p - ring "Aveytsare" {rF+ rN+ Int+4}
Stlth    ++........             g - ring "Penki" {rC++ Dex+5 Slay+4}
HPRegen  0.46/turn              S - ring of positive energy
MPRegen  0.26/turn              s - ring of Brilliance {rC++ AC+4 Str+3}
                                q - ring "Fuuluit" {Will+ rCorr}
                                l - ring of the Mage {Wiz Will++ Int+3}

@: flying, studying 2 skills
A: almost no armour, amphibious, 8 rings, camouflage 1, gelatinous body 1,
(nimble swimmer 1), tentacles, berserk 1, deterioration 1, screaming 1
0: Orb of Zot
}: 3/15 runes: barnacled, silver, gossamer
a: Renounce Religion, Potion Petition, Call Merchant, Bribe Branch


You escaped.
You worshipped Gozag.
Gozag was most pleased with you.
You visited 8 branches of the dungeon, and saw 46 of its levels.
You visited the Abyss 2 times.
You also visited: Gauntlet, Ice Cave, Volcano and Desolation.

You collected 27977 gold pieces.
You spent 7703 gold pieces at shops.
You paid 17711 gold pieces to Gozag.

Inventory:

Missiles
 c - 22 curare-tipped darts
 i - 12 throwing nets
 X - 59 javelins (quivered)
Armour
 h - a +5 kite shield of protection (worn)
 M - a +2 hat of see invisible (worn)
Jewellery
 g - the ring "Penki" (on tentacle) {rC++ Dex+5 Slay+4}
   (You acquired it on level 13 of the Dungeon)

   [ring of slaying]

   Dex:       It affects your dexterity (+5).
   Slay:      It affects your accuracy & damage with ranged weapons and melee
   (+4).
   rC:        It greatly protects you from cold.
 j - a ring of flight (right tentacle)
 l - the ring of the Mage (on tentacle) {Wiz Will++ Int+3}
   (You bought it in a shop on level 5 of the Realm of Zot)

   [ring of wizardry]

   It improves your spell success rate.
   Int:       It affects your intelligence (+3).
   Will:      It greatly increases your willpower.
 p - the ring "Aveytsare" (on tentacle) {rF+ rN+ Int+4}
   (You found it on level 1 of the Depths)

   [ring of protection from fire]

   Int:       It affects your intelligence (+4).
   rF:        It protects you from fire.
   rN:        It protects you from negative energy.
 q - the ring "Fuuluit" (on tentacle) {Will+ rCorr}
   (You acquired it in an ice cave)

   [ring of resist corrosion]

   rCorr:     It protects you from acid and corrosion.
   Will:      It increases your willpower.
 s - the ring of Brilliance (on tentacle) {rC++ AC+4 Str+3}
   (You took it off a servant of whispers in the Desolation of Salt)

   [ring of protection]

   AC:        It affects your AC (+4).
   Str:       It affects your strength (+3).
   rC:        It greatly protects you from cold.
 v - the ring "Eschiujue" {Wiz rC+ Str+3}
   (You bought it in a shop on level 10 of the Dungeon)

   [ring of wizardry]

   It improves your spell success rate.
   Str:       It affects your strength (+3).
   rC:        It protects you from cold.
 F - a ring of protection from fire (left tentacle)
 O - an amulet of regeneration
 S - a ring of positive energy (on tentacle)
 W - the amulet "Edupamam" (around mantle) {Reflect rPois rCorr Int+2 SH+5}
   (You bought it in a shop on level 10 of the Dungeon)

   [amulet of reflection]

   It reflects blocked missile attacks.
   Int:       It affects your intelligence (+2).
   rPois:     It protects you from poison.
   rCorr:     It protects you from acid and corrosion.
   SH:        It affects your SH (+5).
Wands
 A - a wand of iceblast (48)
 C - a wand of digging (12)
 E - a wand of mindburst (18)
 J - a wand of charming (13)
 P - a wand of paralysis (7)
 R - a wand of flame (98)
 Y - a wand of acid (2)
Scrolls
 a - 5 scrolls of holy word
 d - 9 scrolls of magic mapping
 e - 6 scrolls of blinking
 n - 8 scrolls of teleportation
 w - 4 scrolls of fog
 y - a scroll of brand weapon
 G - 8 scrolls of identify
 H - a scroll of enchant weapon
 K - a scroll of enchant armour
 N - 5 scrolls of immolation
 Q - 6 scrolls of fear
 Z - 2 scrolls of summoning
Potions
 f - 6 potions of ambrosia
 k - 5 potions of cancellation
 m - 12 potions of brilliance
 o - 10 potions of lignification
 r - 15 potions of curing
 t - 11 potions of heal wounds
 u - 8 potions of might
 x - 2 potions of resistance
 z - 5 potions of haste
 B - a potion of magic
 D - 6 potions of attraction
 I - 5 potions of mutation
 L - a potion of berserk rage
 T - a potion of invisibility
Miscellaneous
 b - a lightning rod (4/4)
 U - a condenser vane
 V - a phial of floods


   Skills:
 + Level 25.1 Fighting
 - Level 3.0 Short Blades
 - Level 12.0 Throwing
 - Level 12.0 Dodging
 - Level 7.0 Stealth
 - Level 15.0 Shields
 + Level 26.0 Unarmed Combat
 - Level 12.0 Spellcasting
 - Level 10.0 Conjurations
 - Level 5.0 Hexes
 - Level 5.0 Translocations
 - Level 10.0 Transmutations
 - Level 5.0 Fire Magic
 - Level 6.3 Ice Magic
 - Level 10.0 Earth Magic
 - Level 10.0 Evocations


You had 22 spell levels left.
You knew the following spells:

 Your Spells              Type           Power      Damage    Failure   Level
a - Ozocubu's Armour      Ice            55%        N/A       1%          3
b - Foxfire               Conj/Fire      100%       2x1d9     1%          1
c - Statue Form           Tmut/Erth      46%        N/A       2%          6
d - Petrify               Tmut/Erth      69%        N/A       1%          4
e - Passage of Golubria   Tloc           N/A        N/A       1%          4
f - Yara's Violent Unrav  Hex/Tmut       30%        3d13      1%          5
g - Irradiate             Conj/Tmut      34%        3d25      1%          5

Your spell library contained the following spells:

 Spells                   Type           Power      Damage    Failure   Level
 Beastly Appendage        Tmut           100%       N/A       1%          1
 Corona                   Hex            54%        N/A       1%          1
 Pain                     Necr           72%        1d7       1%          1
 Shock                    Conj/Air       100%       1d9       1%          1
 Sting                    Tmut/Pois      100%       1d8       1%          1
 Summon Small Mammal      Summ           72%        N/A       1%          1
 Corpse Rot               Necr/Air       N/A        N/A       1%          2
 Ensorcelled Hibernation  Hex/Ice        100%       N/A       1%          2
 Passwall                 Tmut/Erth      57%        N/A       1%          2
 Poisonous Vapours        Pois/Air       36%        N/A       1%          2
 Slow                     Hex            49%        N/A       1%          2
 Static Discharge         Conj/Air       49%        N/A       1%          2
 Sublimation of Blood     Necr           9%         N/A       1%          2
 Conjure Flame            Conj/Fire      60%        6-21      1%          3
 Frozen Ramparts          Ice            100%       1d12      1%          3
 Gell's Gravitas          Tloc           24%        N/A       1%          3
 Ignite Poison            Fire/Tmut/Pois 49%        N/A       1%          3
 Inner Flame              Hex/Fire       49%        N/A       1%          3
 Mephitic Cloud           Conj/Pois/Air  39%        N/A       1%          3
 Portal Projectile        Hex/Tloc       98%        N/A       1%          3
 Spider Form              Tmut/Pois      24%        N/A       1%          3
 Stone Arrow              Conj/Erth      100%       3d13      1%          3
 Summon Guardian Golem    Hex/Summ       34%        N/A       1%          3
 Teleport Other           Tloc           49%        N/A       1%          3
 Tukima's Dance           Hex            49%        N/A       1%          3
 Cause Fear               Hex            24%        N/A       1%          4
 Fulminant Prism          Conj/Hex       30%        3d16      1%          4
 Leda's Liquefaction      Hex/Erth       30%        N/A       1%          4
 Sticky Flame             Conj/Fire      60%        2d8       1%          4
 Blade Hands              Tmut           34%        N/A       1%          5
 Summon Ice Beast         Ice/Summ       38%        N/A       2%          4
 Metabolic Englaciation   Hex/Ice        26%        N/A       2%          5
 Call Canine Familiar     Summ           18%        N/A       3%          3
 Swiftness                Air            18%        N/A       3%          3
 Vampiric Draining        Necr           9%         2d7       3%          3
 Alistair's Intoxication  Tmut/Pois      32%        N/A       4%          5
 Lightning Bolt           Conj/Air       24%        1d40      4%          5
 Airstrike                Air            9%         N/A       11%         4
 Dispel Undead            Necr           18%        3d11      11%         4
 Olgreb's Toxic Radiance  Pois           18%        N/A       11%         4
 Summon Lightning Spire   Summ/Air       18%        N/A       11%         4
 Silence                  Hex/Air        17%        N/A       11%         5
 Summon Forest            Summ/Tloc      17%        N/A       11%         5
 Summon Mana Viper        Hex/Summ       34%        N/A       11%         5
 Dragon Form              Tmut           34%        N/A       16%         7
 Dispersal                Tloc           24%        N/A       21%         6
 Eringya's Noxious Bog    Tmut/Pois      24%        N/A       21%         6
 Invisibility             Hex            24%        N/A       21%         6
 Agony                    Necr           18%        N/A       28%         5
 Excruciating Wounds      Necr           9%         N/A       28%         5
 Simulacrum               Ice/Necr       19%        N/A       38%         6
 Ozocubu's Refrigeration  Ice            27%        4d10      52%         7
 Storm Form               Tmut/Air       24%        N/A       71%         7
 Lehudib's Crystal Spear  Conj/Erth      34%        10d9      71%         8
 Shadow Creatures         Summ           N/A        N/A       82%         6
 Monstrous Menagerie      Summ           9%         N/A       100%        7
 Disjunction              Tloc           24%        N/A       100%        8
 Infestation              Necr           9%         N/A       100%        8
 Maxwell's Capacitive Co  Air            9%         ∞         100%        8
 Animate Armour           Summ/Erth      Unusable   N/A       N/A         4

Dungeon Overview and Level Annotations

Branches:
Dungeon (15/15)            Temple (0/1) D:5            Lair (6/6) D:8
 Shoals (4/4) Lair:4       Spider (4/4) Lair:2        Slime (0/5) Lair:6
    Orc (2/2) D:10            Elf (0/3) Orc:2        Vaults (5/5) D:13
  Crypt (0/3) Vaults:2     Depths (5/5) D:15            Zot (5/5) Depths:5
  IceCv (visited)         Volcano (visited)         Desolation (visited)
Gauntlet (visited)

Altars:
Dithmenos
Fedhas
Gozag
Hepliaklqana
Makhleb
Nemelex Xobeh
Ru
Sif Muna
Trog
Uskayaw
Vehumet
Wu Jian
Xom
Yredelemnul
Zin
Beogh

Shops:
D:5 !   D:8 *   D:10 *?=::(   D:13 ?   Orc:2 ((!?[   Shoals:3 =   Vaults:3 [
Vaults:4 ?   Zot:1 *   Zot:5 ?=   Depths:1 ?   Depths:2 *(:   Depths:4 =*

Portals:
Hell: Lair:6 Depths:1 Depths:2 Depths:3 Depths:4 Depths:5
Abyss: Depths:1
Pandemonium: Depths:3 Depths:4
Ziggurat: Depths:5

Annotations:
D:7 exclusion: downstairs
Vaults:1 36 runed doors
Vaults:3 2 transporters, exclusion: orange crystal statue
Depths:4 exclusion: 2 orange crystal statues


Innate Abilities, Weirdness & Mutations

You cannot wear most types of armour.
You are amphibious.
You can wear up to eight rings at the same time.
Your skin changes colour to match your surroundings (Stealth+).
Your rubbery body absorbs attacks. (AC +1, EV +1)
((You are camouflaged near water. (Stealth+)))
You have tentacles for arms and can constrict up to eight enemies at once.
You tend to lose your temper in combat.
Your body sometimes deteriorates upon taking damage.
You occasionally shout uncontrollably at your foes.


Message History

The Brimstone Fiend roars!
The Brimstone Fiend calls on the powers of darkness!
Your body is wracked with pain!
You feel your anger nearly subside.
You are no longer berserk.
You are exhausted.
You feel yourself slow down. The Brimstone Fiend gestures at you.
The sphere of damnation explodes!
The damnation engulfs you!!
Something roars, "Go and return not, thou bootless flat-headed surfacer!"
You hear a shout!
Okay, then.
Blink to where?
Press: ? - help, Dir - move target
As you read the scroll of blinking, it crumbles to dust.
The Brimstone Fiend gestures at you.
The sphere of damnation explodes!
The damnation engulfs you!!!
You hear a shout!
You fly upwards.
There is a stone staircase leading down here.
There is a stone staircase leading up here.
You start resting.
You feel yourself speed up.
You start resting.
You recover from your berserk rage.
You start resting.
Your transformation is almost over.
You start resting.
You revert to your normal fleshy form.
You start resting.
A sun demon comes into view.
You fly upwards.
There is a stone staircase leading down here.
A blizzard demon comes into view.
Aiming: Dig
Press: ? - help, Shift-Dir - straight line A rock wall.
This square is covered in magical glow.
The rock shatters into small pieces.
There is a staircase leading out of the dungeon here.
You have escaped!

########## ##.##
........# ####.##
#######.# #8..##
#######.# ####.##
........# ##.####
######### ##..8#
##### ####.####
#...######8..##
#>.........##@#
####...###########
.......# .....###
.....# .....#
.2...# .....#
.....#


There were no monsters in sight!

Levels and vault maps discovered:
D:1:      nagdon_arrival_zigzag_paths, layout_basic, minivault_24
D:2:      layout_loops_ring, ebering_ecumenical_altar_rust,
          nrook_mini_backslash, minmay_bisected, uniq_jessica
D:3:      layout_rooms, zin_statuary, saegor_snake_ambush, uniq_sigmund
D:4:      layout_basic, lemuel_round_altar, grunt_gozag_statues,
          kennysheep_nondescript, uniq_eustachio, uniq_duvessa, uniq_ijyb
D:5:      layout_basic, lemuel_coloured_pillars_altar,
          mainiacjoe_overflow_alcove_4, minmay_temple_entry_statues_pillars,
          serial_shops, nicolae_diamond_shop
D:6:      layout_cave_pools, worldfamousw_hep_ancestral_shrine
D:7:      layout_loops_ring, mainiacjoe_overflow_chevrons,
          mainiacjoe_overflow_catch_the_wave, minmay_misc_feat_five
D:8:      layout_loops_ring, nicolae_wu_jian_immortal_techniques,
          mainiacjoe_overflow_paths, david_lair_generic, nrook_mini_vaults,
          nicolae_alphabet_shops
D:9:      minmay_the_grid_four_pointed_star_mashed
          [minmay_the_grid_triangle_9x9_warning,
          minmay_the_grid_triangle_9x9_minimal,
          minmay_the_grid_triangle_9x9_negative_grid,
          minmay_the_grid_triangle_9x9_skeleton,
          minmay_the_grid_prize_diamond_cup], layout_cross
D:10:     layout_loops_ring, nicolae_overflow_hidden_temple, orc_david_3,
          uniq_josephine
D:11:     layout_cave_pools, serial_ice, serial_ice_c, serial_ice_b,
          serial_ice_f, serial_ice_m, serial_ice_g,
          portal_ice_cave_demonic_guard
D:12:     minmay_two_paths, layout_basic, bh_walls_and_bars
D:13:     layout_stronghold, skrybe_vaults_entry_preservation, serial_shops,
          shop_fountains, item_on_display_a, uniq_rupert
D:14:     layout_rooms, abandoned_shop
D:15:     grunt_enter_depths_snipers, layout_loops_ring, minmay_misc_feat_iff,
          uniq_azrael
Lair:1:   layout_hall_layers, gammafunk_ghost_hydra_chop, serial_rivers,
          chequers_serial_rivers_large_b, chequers_serial_rivers_micro_c,
          chequers_serial_rivers_room_b, chequers_serial_rivers_micro_c,
          beast_lair_carwin_1
Lair:2:   layout_roguey, spider_nest_entry_funnel_web, uniq_gastronok
Lair:3:   layout_roguey
Lair:4:   wad_woods_structure_01, layout_regular_city,
          elwin_shoals_entry_stream, uniq_sonja
Lair:5:   layout_regular_city
Lair:6:   evil_forest, layout_loops_ring, dpeg_slime_entry_corner, basic_altar,
          enter_volcano_2
Shoals:1: layout_shoals, nicolae_shoals_drake_roost
Shoals:2: layout_shoals, centaur_isle, uniq_donald
Shoals:3: layout_shoals, serial_shops, shop, uniq_nikola, uniq_polyphemus,
          uniq_ilsuiw
Shoals:4: shoals_end_grunt_ice, layout_shoals
Spider:1: layout_spider_delve, gammafunk_ghost_split, uniq_roxanne
Spider:2: layout_spider_delve, hangedman_spider_tarantella_strand, uniq_arachne
Spider:3: layout_chambers
Spider:4: grunt_spider_rune_parallel, uniq_asterion, uniq_louise
Orc:1:    layout_caves, basic_altar, nicolae_orc_jurassic_orc, uniq_jorgrun
Orc:2:    st_orc_mages, layout_diamond_mine, gauntlet_entry_generic,
          serial_shops, nicolae_lakefront_shop, basic_altar, uniq_snorg
Vaults:1: ontoclasm_vaults_twist, vaults_room_door_ring, v_misc_1, v_pattern_1,
          nicolae_vaults_triangles, vaults_door_vault,
          nicolae_vaults_little_squares_4, hangedman_vaults_stretched_pinwheel,
          vaults_room_pool, nicolae_vaults_ring_of_whatevers, v_rooms_3,
          layout_vaults_omnicross
Vaults:2: hangedman_vaults_hat, vaults_mumra_lcd,
          minmay_crypt_entry_simple_statues, ontoclasm_vaults_decontamination,
          vaults_dpeg_diagonal, nicolae_vaults_alarming, layout_vaults_omnigrid,
          portal_desolation_entry_garden
Vaults:3: v_misc_13, v_misc_30, hangedman_vaults_cutoff, grunt_vaults_diagonal,
          nicolae_vaults_specimen_jars, hangedman_vaults_stitches, v_rooms_5,
          nicolae_vaults_network_quinsquares
          [nicolae_vaults_network_quincunx_subvault,
          nicolae_vaults_network_quincunx_subvault,
          nicolae_vaults_network_quincunx_subvault,
          nicolae_vaults_network_quincunx_subvault], vaults_room_fancy_cross,
          vaults_room_door_hall, gammafunk_sealed_arena, vaults_room_pool,
          grunt_vaults_hallway_short, layout_vaults_maze_bifur, serial_shops,
          shop
Vaults:4: v_misc_30, v_pattern_5, v_rooms_5, nicolae_vaults_puzzle_piece,
          v_misc_28, nicolae_vaults_border_crossing, layout_vaults_big_room
Vaults:5: serial_shops
Depths:1: layout_cave_shapes, marbit_kobold_abyss_entry, pf_coc_iceberg,
          muffindrake_ghost_dead_mans_drink, hangedman_abyss_or_decor_stagger,
          minmay_misc_feat_nine_boxes, kennysheep_another_room, st_stairs_7,
          hangedman_abyss_or_decor_stabs, uniq_enchantress
Depths:2: minmay_haunted_quarter, layout_cave_shapes, grunt_decor_fettered,
          grunt_metal_band, grunt_megastairs_5, infiniplex_staircase_pool_2,
          serial_bayou_shore_b, minmay_shop_star
Depths:3: minmay_glassy_protrusions, layout_cave_pools, rand_demon_pan_entry_4,
          hell_entry, infiniplex_staircase_zigzag_5
Depths:4: lemuel_river_lethe, hell_entry, pan_entry, abyss_entry
Depths:5: evilmike_zot_entry_argh, layout_cave_pools, enter_ziggurat_f,
          hell_entry, nicolae_sif_muna_condensation
Zot:1:    layout_misc_corridors, nicolae_shop_clearance
Zot:2:    layout_gridlike
Zot:3:    lemuel_draconian_sentries, layout_misc_corridors
Zot:4:    layout_onion_interference
Zot:5:    layout_gridlike, grunt_ministairs_7, st_stairs_12

Notes
Turn   | Place    | Note
-------+----------+-------------------------------------------
     0 | D:1      | ABBCCCDDDD the Octopode Brigand began the quest for the
                  | Orb.
     0 | D:1      | Reached XP level 1. HP: 14/14 MP: 1/1
   446 | D:1      | Reached XP level 2. HP: 19/20 MP: 2/2
  1124 | D:2      | Reached XP level 3. HP: 25/25 MP: 3/3
  1128 | D:2      | Learned a level 3 spell: Ozocubu's Armour
  1593 | D:2      | Noticed Jessica
  1598 | D:2      | Killed Jessica
  1599 | D:2      | Reached skill level 1 in Spellcasting
  1599 | D:2      | Reached XP level 4. HP: 30/30 MP: 5/5
  1769 | D:2      | Reached skill level 1 in Ice Magic
  2180 | D:2      | Found a faded altar of an unknown god.
  2309 | D:3      | Reached XP level 5. HP: 36/36 MP: 7/7
  2941 | D:3      | Noticed Sigmund
  2946 | D:3      | Killed Sigmund
  2947 | D:3      | Reached XP level 6. HP: 35/44 MP: 9/9
  3361 | D:3      | Found a glowing silver altar of Zin.
  3405 | D:4      | Found an opulent altar of Gozag.
  3416 | D:4      | Became a worshipper of Gozag Ym Sagoz the Greedy
  3450 | D:4      | Reached XP level 7. HP: 49/49 MP: 10/10
  3530 | D:4      | Noticed Eustachio
  3541 | D:4      | Killed Eustachio
  3591 | D:4      | You are sucked into a shaft and drop 2 floors!
  3649 | D:5      | Entered Level 5 of the Dungeon
  3859 | D:4      | Noticed Dowan
  3860 | D:4      | Noticed Ijyb
  3956 | D:5      | Found a shimmering altar of Xom.
  3964 | D:5      | Reached skill level 5 in Fighting
  4061 | D:5      | Found a staircase to the Ecumenical Temple.
  4140 | D:5      | Reached XP level 8. HP: 44/55 MP: 11/11
  4203 | D:5      | Found Guugit's Distillery.
  4209 | D:5      | Bought a potion of curing for 39 gold pieces
  4209 | D:5      | Bought a potion of lignification for 39 gold pieces
  4209 | D:5      | Bought a potion of heal wounds for 65 gold pieces
  4324 | D:5      | Found a sacrificial altar of Ru.
  4723 | D:6      | Reached skill level 5 in Ice Magic
  4747 | D:6      | Learned a level 1 spell: Foxfire
  4826 | D:6      | Reached skill level 1 in Conjurations
  4826 | D:6      | Reached skill level 1 in Fire Magic
  5284 | D:6      | Found a hazy altar of Hepliaklqana.
  5399 | D:7      | Found a hide-covered altar of Uskayaw.
  5438 | D:7      | Found a blossoming altar of Fedhas.
  5609 | D:7      | Reached XP level 9. HP: 62/62 MP: 14/14
  5664 | D:7      | Found a sparkling altar of Nemelex Xobeh.
  5744 | D:7      | Reached skill level 1 in Shields
  6417 | D:8      | Noticed a two-headed ogre
  6635 | D:8      | Found a staircase to the Lair.
  6635 | D:8      | Noticed an elephant
  6670 | D:8      | Found an ornate altar of the Wu Jian Council.
  6722 | D:8      | Found Toheanil's Tempting Trifles.
  6890 | D:8      | Found a shadowy altar of Dithmenos.
  7031 | D:8      | Reached skill level 1 in Evocations
  7429 | D:8      | Killed an elephant
  7467 | D:8      | Noticed a two-headed ogre
  7489 | D:8      | Killed a two-headed ogre
  7490 | D:8      | Reached XP level 10. HP: 71/71 MP: 14/16
  7543 | D:8      | Killed a two-headed ogre
  7544 | D:8      | Reached skill level 5 in Fire Magic
  8401 | D:8      | Reached skill level 5 in Conjurations
  8757 | D:9      | Reached skill level 5 in Evocations
  9710 | Lair:1   | Entered Level 1 of the Lair of Beasts
  9722 | Lair:1   | Noticed a cane toad
  9737 | Lair:1   | Killed a cane toad
  9738 | Lair:1   | Reached XP level 11. HP: 69/80 MP: 13/17
 11154 | Lair:1   | Found a runed translucent gate.
 11154 | Lair:1   | Found a runed translucent gate.
 11154 | Lair:1   | Found a runed translucent gate.
 11155 | Lair:1   | Noticed Race's ghost (novice TeFE)
 11155 | Lair:1   | Noticed an 11-headed hydra
 11156 | Lair:1   | Noticed an 11-headed hydra
 11719 | Lair:2   | Reached skill level 10 in Fighting
 12083 | Lair:2   | Reached skill level 1 in Unarmed Combat
 12408 | Lair:2   | Reached skill level 2 in Unarmed Combat
 12408 | Lair:2   | Reached skill level 5 in Spellcasting
 12414 | Lair:2   | Found a hole to the Spider Nest.
 12711 | Lair:2   | Noticed Gastronok
 12775 | Lair:2   | Killed Gastronok
 12776 | Lair:2   | Reached skill level 3 in Unarmed Combat
 13407 | Lair:3   | Noticed a death yak
 13408 | Lair:3   | Noticed a death yak
 13567 | Lair:3   | Noticed a death yak
 13586 | Lair:3   | Noticed an eight-headed hydra
 13745 | Lair:3   | Reached skill level 4 in Unarmed Combat
 13745 | Lair:3   | Reached XP level 12. HP: 71/87 MP: 13/21
 13907 | Lair:3   | Noticed a boulder beetle
 13952 | Lair:3   | Killed a boulder beetle
 14159 | Lair:4   | Reached skill level 5 in Unarmed Combat
 14191 | Lair:4   | Found a staircase to the Shoals.
 14227 | Lair:4   | Reached skill level 10 in Evocations
 14636 | Lair:4   | Reached skill level 6 in Unarmed Combat
 14827 | Lair:3   | Noticed a boulder beetle
 15690 | D:4      | Killed Ijyb
 15704 | D:4      | Noticed Duvessa
 15721 | D:4      | Killed Duvessa
 15722 | D:4      | Reached skill level 7 in Unarmed Combat
 15724 | D:4      | Killed Dowan
 15757 | D:4      | Found a radiant altar of Vehumet.
 16230 | D:9      | Noticed a two-headed ogre
 16238 | D:8      | Paralysed by a hornet for 2 turns
 16935 | D:8      | Reached skill level 8 in Unarmed Combat
 17000 | D:9      | Killed a two-headed ogre
 17433 | D:9      | Noticed a death knight
 17458 | D:9      | Found the +7 lajatang of Order {silver, rMut}
 17459 | D:9      | Noticed an ogre mage
 17474 | D:9      | Reached skill level 9 in Unarmed Combat
 17489 | D:9      | Killed an ogre mage
 17505 | D:9      | Identified the +10 spear of the Three Moons {speed, rN+
                  | rCorr}
 17747 | D:10     | Entered Level 10 of the Dungeon
 17932 | D:10     | Found a staircase to the Orcish Mines.
 17974 | D:10     | Found Gomixel's Weapon Boutique.
 18049 | D:10     | Noticed Josephine
 18060 | D:10     | Killed Josephine
 18061 | D:10     | Reached XP level 13. HP: 80/92 MP: 23/23
 18074 | D:10     | Reached skill level 10 in Unarmed Combat
 18759 | D:11     | Found a frozen archway.
 18774 | IceCv    | Entered an ice cave
 19172 | IceCv    | Reached skill level 11 in Unarmed Combat
 19202 | IceCv    | Identified 2 scrolls of acquirement
 19203 | IceCv    | Acquired the ring "Fuuluit" {Will+ rCorr}
 19207 | IceCv    | Acquired a ring of ice
 19746 | IceCv    | Noticed a frost giant
 20126 | D:10     | Bought Peanloenun's Almanac of Unstable Black Magic for 720
                  | gold pieces
 20136 | D:10     | Learned a level 6 spell: Statue Form
 20196 | D:10     | Bought a scroll of identify for 30 gold pieces
 20196 | D:10     | Bought a scroll of fog for 30 gold pieces
 20196 | D:10     | Bought a scroll of summoning for 142 gold pieces
 20270 | Orc:1    | Entered Level 1 of the Orcish Mines
 20281 | Orc:1    | Reached skill level 1 in Transmutations
 20281 | Orc:1    | Reached skill level 1 in Earth Magic
 20724 | Orc:1    | Noticed Jorgrun
 20734 | Orc:1    | Killed Jorgrun
 20839 | Orc:1    | Reached XP level 14. HP: 101/101 MP: 12/24
 21192 | Orc:2    | Entered Level 2 of the Orcish Mines
 21214 | Orc:2    | Noticed Snorg
 21310 | Orc:2    | Killed Snorg
 21379 | Orc:2    | Found a gate leading to a gauntlet.
 21404 | Orc:2    | Found Imixom's Antique Armour Emporium.
 21543 | Gauntlet | Entered a Gauntlet
 21543 | Gauntlet | Found a transporter.
 21543 | Gauntlet | Found a transporter.
 21553 | Gauntlet | Found a transporter.
 21557 | Gauntlet | Found a transporter.
 21570 | Gauntlet | Found a transporter.
 21571 | Gauntlet | Found a transporter.
 21580 | Gauntlet | Found a transporter.
 21595 | Gauntlet | Found a transporter.
 21609 | Gauntlet | Found a transporter.
 21613 | Gauntlet | Found a transporter.
 21617 | Gauntlet | Found a runed translucent door.
 21617 | Gauntlet | Found a runed translucent door.
 21622 | Gauntlet | Found a transporter.
 21626 | Gauntlet | Found a transporter.
 22227 | Orc:2    | Reached skill level 5 in Transmutations
 22227 | Orc:2    | Reached skill level 5 in Earth Magic
 22866 | Orc:2    | Found a staircase to the Elven Halls.
 22957 | Orc:2    | Found Muoxohat's Magic Scroll Shop.
 22957 | Orc:2    | Found Canoucipe's Distillery.
 22958 | Orc:2    | Found Etheus's Weapon Boutique.
 22962 | Orc:2    | Found Xinool's Antique Weapon Boutique.
 22965 | Orc:2    | Bought a scroll of teleportation for 33 gold pieces
 22965 | Orc:2    | Bought a scroll of blinking for 82 gold pieces
 22968 | Orc:2    | Bought a potion of degeneration for 14 gold pieces
 22968 | Orc:2    | Bought a potion of heal wounds for 70 gold pieces
 22968 | Orc:2    | Bought a potion of heal wounds for 70 gold pieces
 23327 | D:10     | Found a bloodstained altar of Trog.
 23879 | D:12     | Got the Collected Works on Beguiling
 25174 | D:12     | Noticed a fire giant
 25174 | D:12     | Noticed a fire giant
 25579 | D:13     | Noticed Rupert
 25619 | D:13     | Noticed an ironbound preserver
 25620 | D:13     | Found a gate to the Vaults.
 27491 | Lair:4   | Reached XP level 15. HP: 107/107 MP: 25/25
 27536 | Lair:4   | Noticed Sonja
 27544 | Lair:4   | Killed Sonja
 28701 | Lair:5   | Reached skill level 5 in Shields
 29177 | Lair:6   | Entered Level 6 of the Lair of Beasts
 29199 | Lair:6   | Found a dark tunnel.
 29211 | Volcano  | Entered a volcano
 29350 | Volcano  | Found a bloodstained altar of Trog.
 30234 | Lair:6   | Found a staircase to the Slime Pits.
 30264 | Lair:6   | Found a basalt altar of Yredelemnul.
 30450 | Lair:6   | Found a burning altar of Makhleb.
 30503 | Lair:6   | Found a gateway to Hell.
 31366 | Lair:1   | Reached skill level 10 in Transmutations
 31366 | Lair:1   | Reached skill level 10 in Earth Magic
 31373 | Lair:1   | Killed Race's ghost
 31492 | Spider:1 | Entered Level 1 of the Spider Nest
 31834 | Spider:1 | Noticed an emperor scorpion
 31848 | Spider:1 | Killed an emperor scorpion
 31881 | Spider:1 | Identified Roxanne's Reference Book on Shape Shifting
 31881 | Spider:1 | Noticed Roxanne
 31953 | Spider:1 | Noticed Bolleh's ghost (journeyman GnSk)
 31962 | Spider:1 | Found a runed translucent gate.
 31962 | Spider:1 | Found a runed translucent gate.
 31964 | Spider:1 | Found a runed translucent gate.
 32391 | Spider:2 | Noticed Arachne
 32435 | Spider:2 | Killed Arachne
 32436 | Spider:2 | Reached skill level 10 in Shields
 32483 | Spider:2 | Identified the +7 falchion "Luont" {freeze, *Rage *Slow
                  | +Rage rElec}
 32498 | Spider:2 | Noticed a ghost moth
 32504 | Spider:2 | Killed a ghost moth
 32505 | Spider:2 | Reached XP level 16. HP: 112/112 MP: 6/26
 34490 | Spider:4 | Entered Level 4 of the Spider Nest
 34510 | Spider:4 | Noticed Louise
 34531 | Spider:4 | Killed Louise
 35074 | Spider:4 | Noticed Asterion
 35107 | Spider:3 | Killed Asterion
 35737 | Spider:4 | Reached XP level 17. HP: 117/117 MP: 7/27
 35938 | Spider:4 | Reached skill level 15 in Shields
 36136 | Spider:4 | Got a gossamer rune of Zot
 36729 | Spider:1 | Killed Bolleh's ghost
 36833 | Spider:1 | Killed Roxanne
 36989 | Shoals:1 | Entered Level 1 of the Shoals
 37036 | Shoals:1 | Reached skill level 12 in Unarmed Combat
 39374 | Shoals:2 | Reached skill level 13 in Unarmed Combat
 39376 | Shoals:2 | Noticed Donald
 39392 | Shoals:2 | Killed Donald
 39754 | Shoals:2 | Identified the +8 scimitar of Courage {holy, rF+ rC+ Int-3
                  | Stlth+}
 39794 | Shoals:2 | Reached XP level 18. HP: 128/128 MP: 28/28
 40646 | Shoals:3 | Noticed Nikola
 40647 | Shoals:3 | Noticed Polyphemus
 40657 | Shoals:3 | Killed Nikola
 40658 | Shoals:3 | Reached XP level 19. HP: 114/135 MP: 25/29
 40669 | Shoals:3 | Killed Polyphemus
 40947 | Shoals:3 | Noticed Ilsuiw
 40965 | Shoals:3 | Killed Ilsuiw
 41443 | Shoals:3 | Reached skill level 14 in Unarmed Combat
 41563 | Shoals:4 | Entered Level 4 of the Shoals
 42511 | Shoals:4 | Got a barnacled rune of Zot
 42984 | D:10     | Bought a manual of Throwing for 1200 gold pieces
 42986 | D:10     | Bought a ring of protection from fire for 325 gold pieces
 42986 | D:10     | Bought the ring "Eschiujue" {Wiz rC+ Str+3} for 653 gold
                  | pieces
 42991 | D:10     | Bought the amulet "Edupamam" {Reflect rPois rCorr Int+2
                  | SH+5} for 663 gold pieces
 43005 | D:10     | Bought a scroll of teleportation for 57 gold pieces
 43005 | D:10     | Bought a scroll of blinking for 142 gold pieces
 43122 | D:13     | Reached skill level 15 in Unarmed Combat
 43137 | D:13     | Reached skill level 15 in Fighting
 43444 | D:13     | Found Jeda's Magic Scroll Shop.
 43452 | D:13     | Bought a scroll of fear for 56 gold pieces
 43452 | D:13     | Bought a scroll of magic mapping for 56 gold pieces
 43452 | D:13     | Bought a scroll of acquirement for 832 gold pieces
 43454 | D:13     | Acquired the ring "Penki" {rC++ Dex+5 Slay+4}
 43633 | D:13     | Killed Rupert
 44276 | D:15     | Entered Level 15 of the Dungeon
 44478 | D:15     | Noticed Azrael
 44486 | D:15     | Killed Azrael
 44637 | D:15     | Reached XP level 20. HP: 145/145 MP: 27/32
 44731 | D:15     | Found a staircase to the Depths.
 45210 | Vaults:1 | Entered Level 1 of the Vaults
 45402 | Vaults:1 | Found a huge runed gate.
 45402 | Vaults:1 | Found a huge runed gate.
 45604 | Vaults:1 | Found a huge runed gate.
 45624 | Vaults:1 | Found a huge runed gate.
 45624 | Vaults:1 | Found a huge runed gate.
 45633 | Vaults:1 | Found a huge runed gate.
 45636 | Vaults:1 | Acquired 1231 gold pieces
 45638 | Vaults:1 | Found a huge runed gate.
 45638 | Vaults:1 | Found a huge runed gate.
 45640 | Vaults:1 | Found a huge runed gate.
 45640 | Vaults:1 | Found a huge runed gate.
 45643 | Vaults:1 | Found a huge runed gate.
 45643 | Vaults:1 | Found a huge runed gate.
 45643 | Vaults:1 | Found a huge runed gate.
 45643 | Vaults:1 | Found a huge runed gate.
 45643 | Vaults:1 | Found a huge runed gate.
 45643 | Vaults:1 | Found a huge runed gate.
 45644 | Vaults:1 | Found a huge runed gate.
 45645 | Vaults:1 | Found a huge runed gate.
 45646 | Vaults:1 | Found a huge runed gate.
 45656 | Vaults:1 | Found a huge runed gate.
 45656 | Vaults:1 | Found a huge runed gate.
 45656 | Vaults:1 | Found a huge runed gate.
 45656 | Vaults:1 | Found a huge runed gate.
 45656 | Vaults:1 | Found a huge runed gate.
 45656 | Vaults:1 | Found a huge runed gate.
 45657 | Vaults:1 | Found a huge runed gate.
 45658 | Vaults:1 | Found a huge runed gate.
 45659 | Vaults:1 | Found a huge runed gate.
 45667 | Vaults:1 | Found a huge runed gate.
 45667 | Vaults:1 | Found a huge runed gate.
 45667 | Vaults:1 | Found a huge runed gate.
 45667 | Vaults:1 | Found a huge runed gate.
 45667 | Vaults:1 | Found a huge runed gate.
 45667 | Vaults:1 | Found a huge runed gate.
 45668 | Vaults:1 | Found a huge runed gate.
 45669 | Vaults:1 | Found a huge runed gate.
 45996 | Vaults:1 | Got the Grimoire of Unholy Secrets
 46002 | Vaults:1 | Learned a level 4 spell: Petrify
 46007 | Vaults:1 | Learned a level 4 spell: Passage of Golubria
 46013 | Vaults:1 | Learned a level 5 spell: Yara's Violent Unravelling
 46112 | Vaults:1 | Reached skill level 1 in Hexes
 46112 | Vaults:1 | Reached skill level 1 in Translocations
 47821 | Vaults:2 | Found a crumbling gateway.
 47838 | Desolati | Entered the Desolation of Salt
 47929 | Desolati | Reached skill level 16 in Unarmed Combat
 48155 | Desolati | Identified the +3 long sword "Dagoimea" {vorpal, Drain
                  | +Blink rF+ rC+}
 48155 | Desolati | Identified the ring of Dipuedd {rC+ Int+6}
 48224 | Desolati | Found the +0 staff of Battle
 48453 | Desolati | Reached skill level 5 in Hexes
 48453 | Desolati | Reached skill level 5 in Translocations
 48519 | Desolati | Identified the +7 hand axe "Emoatzauhih" {flame, rCorr}
 48519 | Desolati | Identified the ring of Brilliance {rC++ AC+4 Str+3}
 48689 | Desolati | Reached XP level 21. HP: 154/154 MP: 29/34
 48786 | Desolati | Got the Guide on Virous Curses
 48791 | Desolati | Identified the +6 quarterstaff "Utteph" {speed, rElec rF++
                  | Will+ Dex-5}
 48796 | Desolati | Got the Grimoire of Icy Transmigration
 48979 | Desolati | Got the Almanac of Battle Magic
 48994 | Desolati | Got the Collected Works on Enchantment
 49418 | Vaults:2 | Found a staircase to the Crypt.
 50351 | Vaults:3 | Reached skill level 17 in Unarmed Combat
 50466 | Vaults:3 | Reached skill level 5 in Throwing
 50777 | Vaults:3 | Found Rumpaqol's Antique Armour Shoppe.
 50783 | Vaults:3 | Bought a bloodstained buckler for 228 gold pieces
 50783 | Vaults:3 | Identified the +0 buckler of Mirth {-Cast Harm rElec Str+8}
                  | (You bought it in a shop on level 3 of the Vaults)
 51467 | Vaults:3 | Found a transporter.
 51478 | Vaults:3 | Found a transporter.
 52210 | Vaults:4 | Reached XP level 22. HP: 164/164 MP: 30/35
 52678 | Vaults:4 | Learned a level 5 spell: Irradiate
 52868 | Depths:1 | Entered Level 1 of the Depths
 53278 | Depths:1 | Found a one-way gate to the infinite horrors of the Abyss.
 53328 | Depths:1 | Reached skill level 10 in Throwing
 53465 | Depths:1 | Noticed the Enchantress
 53471 | Depths:1 | Reached skill level 18 in Unarmed Combat
 53474 | Depths:1 | Killed the Enchantress
 54255 | Depths:1 | Found a runed translucent door.
 54261 | Depths:1 | Noticed strangelove's ghost (master GrEE)
 55004 | Depths:1 | Killed strangelove's ghost
 55214 | Depths:1 | Identified the ring "Aveytsare" {rF+ rN+ Int+4}
 55446 | Depths:2 | Reached skill level 10 in Spellcasting
 56201 | Depths:2 | Reached XP level 23. HP: 171/171 MP: 37/37
 56247 | Depths:2 | Identified the +4 fustibalus of Slow Death {vorpal, Dex+5}
 56251 | Depths:2 | Identified the +1 flail "Hydrabane" {elec, rN+}
 56431 | Depths:2 | Found Esuot's Book Boutique.
 56433 | Depths:2 | Found Giveb's Antique Weapon Shop.
 56436 | Depths:2 | Found Faomont's General Store.
 58238 | Depths:3 | Found a one-way gate leading to the halls of Pandemonium.
 59100 | Depths:4 | Noticed a golden dragon
 59101 | Depths:4 | Reached skill level 19 in Unarmed Combat
 59109 | Depths:4 | Killed a golden dragon
 59332 | Depths:4 | Bought a potion of haste for 170 gold pieces
 59636 | Depths:4 | Noticed a caustic shrike
 59636 | Depths:4 | Noticed a caustic shrike
 59638 | Depths:4 | Noticed a caustic shrike
 59641 | Depths:4 | Killed a caustic shrike
 59642 | Depths:4 | Killed a caustic shrike
 59642 | Depths:4 | Killed a caustic shrike
 59643 | Depths:4 | Reached skill level 10 in Conjurations
 59643 | Depths:4 | Reached XP level 24. HP: 81/180 MP: 34/38
 59952 | Depths:4 | Cast into level 2 of the Abyss (a wizard)
 59973 | Abyss:2  | Found a corrupted altar of Lugonu.
 60040 | Abyss:2  | Found a hide-covered altar of Uskayaw.
 60096 | Abyss:2  | Found a hide-covered altar of Uskayaw.
 60550 | Depths:4 | Escaped the Abyss
 60731 | Depths:4 | Acquired 701 gold pieces
 61519 | Depths:4 | Reached skill level 20 in Unarmed Combat
 61728 | Depths:5 | Entered Level 5 of the Depths
 61728 | Depths:5 | Noticed a caustic shrike
 61728 | Depths:5 | Noticed a caustic shrike
 61728 | Depths:5 | Noticed a caustic shrike
 61728 | Depths:5 | Noticed a caustic shrike
 61728 | Depths:5 | Noticed a caustic shrike
 61735 | Depths:4 | Killed a caustic shrike
 61748 | Depths:4 | Killed a caustic shrike
 61801 | Depths:4 | Killed a caustic shrike
 61817 | Depths:4 | Killed a caustic shrike
 61833 | Depths:4 | Killed a caustic shrike
 62247 | Depths:5 | Found a shimmering blue altar of Sif Muna.
 62279 | Depths:5 | Cast into level 3 of the Abyss (a deep elf sorcerer)
 62280 | Abyss:3  | Reached skill level 21 in Unarmed Combat
 62484 | Abyss:3  | Paralysed by a floating eye for 4 turns
 62491 | Abyss:3  | Gained mutation: Your body sometimes deteriorates upon
                  | taking damage. [a cacodemon]
 62496 | Abyss:3  | Reached XP level 25. HP: 146/189 MP: 39/39
 62630 | Depths:5 | Escaped the Abyss
 63142 | Depths:5 | Found a gateway to a ziggurat.
 63493 | Depths:5 | Reached skill level 22 in Unarmed Combat
 63792 | Depths:5 | Found a gate to the Realm of Zot.
 64312 | Vaults:5 | Entered Level 5 of the Vaults
 65169 | Vaults:5 | Identified the +9 trident "Guutil" {protect, rCorr MP+9}
 65182 | Vaults:5 | Identified the +7 quarterstaff of Kowahas {vorpal, rElec
                  | rCorr MP-9 Dex+3}
 65193 | Vaults:5 | Reached skill level 23 in Unarmed Combat
 65215 | Vaults:5 | Reached XP level 26. HP: 107/197 MP: 39/39
 65550 | Vaults:5 | Noticed a dread lich
 65557 | Vaults:5 | Killed a dread lich
 65633 | Vaults:5 | Found the +8 whip "Snakebite" {venom, curare, rPois}
 65637 | Vaults:5 | Got a silver rune of Zot
 65647 | Vaults:5 | Got the Handbook of the Arsonist and Stolen Souls
 65834 | Vaults:5 | Noticed an ancient lich
 65837 | Vaults:5 | Killed an ancient lich
 65989 | Vaults:5 | Got the Tome of Curses and Illusion
 65992 | Vaults:5 | Got Veotycs's Reference Book on Supportive Venom
 65995 | Vaults:5 | Got Rannyo Otepp's Papyrus of Ashen Flight
 66224 | Vaults:5 | Identified the +6 hand axe of Woe {holy, Drain rF+ rC+ rN+}
 66353 | Vaults:5 | Identified the +4 chain mail of the Sparrow {rElec rPois
                  | rC+}
 66358 | Vaults:5 | Acquired a +2 hat of see invisible
 67190 | Depths:1 | Bought a scroll of teleportation for 69 gold pieces
 67190 | Depths:1 | Bought a scroll of blinking for 172 gold pieces
 67190 | Depths:1 | Bought a scroll of blinking for 172 gold pieces
 67190 | Depths:1 | Bought a scroll of teleportation for 69 gold pieces
 67259 | Zot:1    | Entered Level 1 of the Realm of Zot
 67261 | Zot:1    | Found Uhengipn's CLEARANCE SALE! EVERYTHING MUST GO!.
 67329 | Zot:1    | Bought a potion of might for 24 gold pieces
 67499 | Zot:1    | Reached skill level 24 in Unarmed Combat
 68334 | Zot:2    | Reached XP level 27. HP: 207/207 MP: 30/39
 69255 | Zot:3    | Reached skill level 10 in Dodging
 71405 | Zot:3    | Identified the +3 trident of the Chickpea {flame, +Rage rC+
                  | SInv}
 73779 | Zot:5    | Entered Level 5 of the Realm of Zot
 74295 | Zot:5    | Reached skill level 25 in Unarmed Combat
 74370 | Zot:5    | Bought a scroll of teleportation for 69 gold pieces
 74370 | Zot:5    | Bought a scroll of teleportation for 69 gold pieces
 74370 | Zot:5    | Bought a scroll of teleportation for 69 gold pieces
 74376 | Zot:5    | Bought a scroll of enchant armour for 172 gold pieces
 74376 | Zot:5    | Bought a scroll of enchant armour for 172 gold pieces
 74381 | Zot:5    | Bought the ring of the Mage {Wiz Will++ Int+3} for 930 gold
                  | pieces
 74381 | Zot:5    | Found the ring of the Mage {Wiz Will++ Int+3}
 74551 | Zot:5    | Noticed an ancient lich
 74559 | Zot:5    | Killed an ancient lich
 74560 | Zot:5    | Noticed an orb of fire
 74563 | Zot:5    | Noticed an orb of fire
 74571 | Zot:5    | Killed an ancient lich
 74573 | Zot:5    | Noticed an ancient lich
 74573 | Zot:5    | Noticed an ancient lich
 74576 | Zot:5    | Noticed a dread lich
 74577 | Zot:5    | Killed an ancient lich
 74581 | Zot:5    | Noticed an ancient lich
 74581 | Zot:5    | Noticed an ancient lich
 74587 | Zot:5    | Killed an ancient lich
 74590 | Zot:5    | Killed a dread lich
 74594 | Zot:5    | Killed an orb of fire
 74599 | Zot:5    | Killed an ancient lich
 74964 | Zot:5    | Gained mutation: You occasionally shout uncontrollably at
                  | your foes. [an orb of fire]
 75060 | Zot:5    | Got the Orb of Zot
 75441 | D:13     | Gained mutation: You tend to lose your temper in combat. [a
                  | cacodemon]
 75456 | D:13     | Noticed Puiklon the pandemonium lord
 75462 | D:13     | Noticed Xooc the pandemonium lord
 75709 | D:4      | Noticed a seraph
 75726 | D:3      | Noticed Jytitzek the pandemonium lord
 75746 | D:3      | Killed Jytitzek the pandemonium lord
 75747 | D:3      | Reached skill level 26 in Unarmed Combat
 75915 | D:$      | Escaped with the Orb!

Table legend: (Time is in decaauts)
 A = Elapsed time spent in this place.
 B = Non-inter-level travel time spent in this place.
 C = Inter-level travel time spent in this place.
 D = Time resting spent in this place.
 E = Time spent auto-exploring this place.
 F = Levels seen in this place.
 G = Mean time per level.
                   A        B        C        D        E       F      G
               +--------+--------+--------+--------+--------+-----+--------+
         Total |  83557 |  78466 |   5091 |  16011 |  41892 |  53 | 1576.5 |
       Dungeon |  20753 |  18227 |   2526 |   3848 |   8872 |  15 | 1383.5 |
          Lair |  10599 |   9810 |    789 |   2104 |   5560 |   6 | 1766.5 |
        Shoals |   6923 |   6774 |    149 |    770 |   4210 |   4 | 1730.8 |
   Spider Nest |   6417 |   6110 |    307 |    594 |   3811 |   4 | 1604.2 |
  Orcish Mines |   2673 |   2580 |     93 |    618 |    980 |   2 | 1336.5 |
        Vaults |  10602 |   9971 |    631 |   1609 |   6520 |   5 | 2120.4 |
        Depths |  11828 |  11497 |    331 |   2654 |   6600 |   5 | 2365.6 |
           Zot |   9253 |   8992 |    261 |   2911 |   4128 |   5 | 1850.6 |
         Abyss |   1212 |   1212 |      0 |    326 |    348 |   3 |  404.0 |
      Ice Cave |   1138 |   1138 |      0 |    282 |     49 |   1 | 1138.0 |
       Volcano |    307 |    307 |      0 |      0 |      0 |   1 |  307.0 |
    Desolation |   1724 |   1724 |      0 |    291 |    813 |   1 | 1724.0 |
      Gauntlet |    123 |    123 |      0 |      0 |      0 |   1 |  123.0 |
               +--------+--------+--------+--------+--------+-----+--------+

Top non-repeatable levels by time:
     D:8: 4546 daAuts
   Zot:3: 3530 daAuts
Depths:4: 3053 daAuts
  Lair:2: 2649 daAuts
Depths:2: 2639 daAuts
Depths:1: 2630 daAuts
Vaults:1: 2495 daAuts
Vaults:5: 2340 daAuts
Spider:4: 2188 daAuts
  Lair:3: 2184 daAuts
Vaults:4: 2181 daAuts
Shoals:1: 2180 daAuts
Depths:5: 2088 daAuts
   Zot:2: 2046 daAuts
Spider:3: 1948 daAuts

Table legend:
 A = Kills in this place as a percentage of kills in entire the game.
 B = Kills by you in this place as a percentage of kills by you in the entire game.
 C = Kills by friends in this place as a percentage of kills by friends in the entire game.
 D = Other kills in this place as a percentage of other kills in the entire game.
 E = Experience gained in this place as a percentage of experience gained in the entire game.
 F = Experience gained in this place divided by the number of levels of this place that you have seen.
                   A       B       C       D       E      F
               +-------+-------+-------+-------+-------+----------------------
         Total | 100.0 | 100.0 | 100.0 | 100.0 | 100.0 | 29198.0
       Dungeon |  17.9 |  18.1 |   0.0 |   0.0 |   7.3 | 7522.0
          Lair |   6.9 |   6.9 |   0.0 |  16.7 |   3.0 | 7671.2
        Shoals |   8.9 |   8.9 |   0.0 |  16.7 |   6.5 | 25320.8
   Spider Nest |   8.9 |   9.0 |   0.0 |   0.0 |   5.4 | 20751.5
  Orcish Mines |   6.0 |   6.0 |   0.0 |   0.0 |   1.1 | 8664.5
        Vaults |  15.1 |  15.3 |   0.0 |   0.0 |  21.0 | 64871.6
        Depths |  16.3 |  16.2 |  28.6 |  33.3 |  23.1 | 71640.0
           Zot |   8.9 |   8.9 |   7.1 |  16.7 |  24.5 | 75971.0
         Abyss |   3.6 |   3.6 |   0.0 |   0.0 |   3.6 | 18423.0
      Ice Cave |   2.2 |   2.3 |   0.0 |   0.0 |   0.7 | 11366.0
       Volcano |   0.4 |   0.4 |   0.0 |   0.0 |   0.2 | 3270.0
    Desolation |   4.8 |   4.4 |  64.3 |  16.7 |   3.5 | 54699.0
               +-------+-------+-------+-------+-------+----------------------

Action                   |  1- 3 |  4- 6 |  7- 9 | 10-12 | 13-15 | 16-18 | 19-21 | 22-24 | 25-27 || total
-------------------------+-------+-------+-------+-------+-------+-------+-------+-------+-------++-------
Melee: Dagger            |    49 |    99 |   215 |   462 |     1 |       |       |       |       ||   826
       Constrict         |    12 |    27 |    41 |    68 |   166 |   165 |   199 |    85 |   143 ||   906
       Tentacles         |     4 |    16 |    41 |   136 |   373 |   156 |   254 |   242 |   233 ||  1455
       Punch             |       |       |       |     9 |   145 |    79 |   155 |   166 |   162 ||   716
       Unarmed           |       |       |       |   104 |  1566 |   802 |  1054 |   899 |   894 ||  5319
Throw: Dart              |       |     4 |    45 |    25 |    44 |     6 |     2 |       |       ||   126
       Javelin           |       |       |       |       |       |       |       |       |     4 ||     4
 Cast: Foxfire           |       |       |     3 |   224 |   162 |     5 |    17 |       |       ||   411
       Ozocubu's Armour  |       |       |     1 |    44 |    85 |       |     1 |       |       ||   131
       Statue Form       |       |       |       |       |    30 |    69 |   101 |    80 |   127 ||   407
       Irradiate         |       |       |       |       |       |       |       |       |     1 ||     1
Invok: Call Merchant     |       |       |       |       |     3 |       |     2 |     2 |     4 ||    11
       Bribe Branch      |       |       |       |       |       |       |       |       |     1 ||     1
 Abil: End Transformatio |       |       |       |       |       |       |     1 |       |     3 ||     4
Evoke: Wand              |       |       |     6 |    14 |    91 |    11 |     7 |     5 |    17 ||   151
       Phial of floods   |       |       |       |       |     3 |       |       |       |       ||     3
       Condenser vane    |       |       |       |       |       |       |     1 |     5 |     2 ||     8
  Use: Scroll            |       |       |     9 |     5 |    15 |    12 |    10 |     5 |    19 ||    75
       Potion            |       |       |     1 |     2 |       |     4 |       |     4 |     6 ||    17
 Stab: Sleeping          |    14 |    10 |    13 |    13 |    16 |    10 |    13 |     5 |     3 ||    97
       Petrified         |       |       |       |     4 |       |       |     9 |       |       ||    13
       Distracted        |       |       |       |     1 |     4 |     7 |    18 |    14 |    15 ||    59
       Paralysed         |       |       |       |     1 |    20 |     3 |       |       |     1 ||    25
       Confused          |       |       |       |     1 |       |       |       |       |       ||     1
       Petrifying        |       |       |       |       |       |       |     1 |       |       ||     1
Armor: Skin              |     3 |    25 |    51 |   165 |   672 |   934 |   551 |   416 |   383 ||  3200
Dodge: Dodged            |    16 |    49 |   126 |   434 |   774 |   750 |   522 |   407 |   437 ||  3515
Block: Buckler           |       |       |    13 |   114 |   322 |    25 |       |       |       ||   474
       Kite shield       |       |       |       |       |       |   927 |   950 |   812 |   817 ||  3506
       Reflection        |       |       |       |       |       |     9 |    57 |    25 |    29 ||   120

Vanquished Creatures
  2 dread liches
  3 ancient liches
  A pandemonium lord (D:3)
  The ghost of strangelove the Metallomancer, a master GrEE of Vehumet (Depths:1)
  3 Killer Klowns
  8 caustic shrikes (Depths:4)
  7 curse toes
  11 golden dragons
  the Enchantress (Depths:1)
  A Brimstone Fiend (D:13)
  Arachne (Spider:2)
  A Tzitzimitl (Depths:4)
  An Ice Fiend (D:14)
  2 electric golems
  Jorgrun (Orc:1)
  Rupert (D:13)
  A Hell Sentinel (D:3)
  17 tentacled monstrosities
  20 Orb Guardians
  Asterion (Spider:3)
  4 titans (Vaults:5)
  11 quicksilver dragons
  3 liches
  An acid blob (shapeshifter) (Vaults:5)
  2 sphinxes
  2 krakens (Shoals:3)
  An Executioner (Abyss:3)
  Gastronok (Lair:2)
  9 death cobs
  3 tentacled starspawn
  Donald (Shoals:2)
  Polyphemus (Shoals:3)
  6 storm dragons
  Roxanne (Spider:1)
  16 shadow dragons
  A revenant (Vaults:2)
  3 tengu reavers
  Ilsuiw (Shoals:3)
  7 fire giants
  4 draconian monks
  6 iron dragons
  3 cacodemons
  4 draconian knights
  9 frost giants
  7 draconian scorchers
  6 spectral juggernauts
  15 vault wardens
  8 ghost moths
  3 deep elf sorcerers
  The ghost of Bolleh the Thaumaturge, a journeyman GnSk of Makhleb (Spider:1)
  15 draconian stormcallers
  3 juggernaut zombies
  Louise (Spider:4)
  An angel (D:3)
  6 draconian annihilators
  3 orc warlords
  4 emperor scorpions
  6 imperial myrmidons (Desolation)
  4 draconian shifters (Zot:3)
  A curse skull (Vaults:2)
  7 ironbound preservers
  5 spectral caustic shrikes (Depths:4)
  5 spriggan defenders
  29 very ugly things
  6 war gargoyles
  An ophan (Abyss:2)
  6 vampire knights
  21 stone giants
  6 spectral titans
  2 deep elf demonologists
  3 deep elf annihilators (Vaults:5)
  3 white draconians
  6 black draconians
  10 green draconians
  2 spark wasps (Depths:4)
  7 purple draconians
  11 red draconians
  A lorocyproca (D:7)
  8 yellow draconians
  Azrael (D:15)
  A halazid warlock (Desolation)
  4 entropy weavers
  Snorg (Orc:2)
  A green death (Zot:1)
  A dire elephant (Vaults:2)
  5 deep elf death magi
  10 yaktaur captains
  14 ettins
  5 merfolk javelineers
  Josephine (D:10)
  A crystal guardian (Desolation)
  An eidolon (Depths:4)
  10 merfolk impalers
  9 fire dragons
  3 spectral golden dragons
  4 deep elf high priests
  7 great orbs of eyes
  7 ragged hierophants (Desolation)
  A spectral tengu (Depths:3)
  10 peacekeepers
  6 boulder beetles
  8 ironbound thunderhulks
  5 ice dragons
  A rakshasa (Depths:1)
  26 vault guards
  A caustic shrike simulacrum (Depths:4)
  A spectral sphinx (Depths:4)
  7 hydras
  5 servants of whispers (Desolation)
  3 spriggan air magi
  4 ironbound frosthearts
  16 centaur warriors
  3 merfolk avatars
  4 ogre magi
  A catoblepas (shapeshifter) (Depths:5)
  A death knight (Vaults:2)
  3 catoblepae
  4 juggernaut simulacra
  3 merfolk aquamancers
  An alligator snapping turtle (Shoals:2)
  8 two-headed ogres
  3 deep troll earth magi
  2 spectral stone giants (Depths:1)
  5 deep troll shamans
  A satyr (Shoals:2)
  4 hell hogs (Abyss:2)
  9 death yaks
  13 thrashing horrors
  4 spectral elves
  7 tengu warriors
  3 spectral storm dragons (Depths:4)
  Sonja (Lair:4)
  3 ironbound beastmasters
  An orc high priest (Orc:2)
  3 soul eaters
  6 vampire magi
  The ghost of Race the Destroyer, a novice TeFE of Vehumet (Lair:1)
  17 hell knights
  3 spriggan berserkers (Depths:5)
  4 wretched stars (Abyss:2)
  A sun demon (Lair:6)
  6 iron trolls
  4 shadow wraiths
  A death drake (shapeshifter) (Vaults:1)
  2 spectral spark wasps (Depths:4)
  6 flayed ghosts
  A sixfirhy (D:13)
  A spatial maelstrom (Abyss:2)
  7 large abominations
  3 death drakes
  21 deep trolls
  10 sea snakes
  A swamp dragon (shapeshifter) (Vaults:5)
  2 deep elf archers
  7 glowing orange brains
  A glowing orange brain (shapeshifter) (D:14)
  2 shadow demons
  A spectral iron dragon (Depths:4)
  7 wizards
  3 lindwurms
  14 harpies
  16 ironbound convokers
  A lindwurm (shapeshifter) (Vaults:5)
  14 phantasmal warriors
  A fire giant zombie (Depths:1)
  13 orb spiders
  8 necromancers
  2 deep elf zephyrmancers (Depths:5)
  5 deep elf pyromancers
  47 ugly things
  6 cyclopes
  14 manticores
  6 orc sorcerers (Orc:2)
  25 wolf spiders
  3 stone giant zombies (Depths:1)
  A cyclops (shapeshifter) (Vaults:5)
  An orb spider (shapeshifter) (Vaults:5)
  17 fauns
  9 orc knights
  A will-o-the-wisp (Abyss:2)
  23 moths of wrath
  A moth of wrath (shapeshifter) (Vaults:5)
  4 worldbinders
  An iron dragon skeleton (Depths:3)
  A rust devil (Abyss:3)
  2 stone giant skeletons
  16 merfolk sirens
  An apocalypse crab (Abyss:2)
  An elephant (D:8)
  8 water nymphs
  5 guardian serpents (Desolation)
  A titan simulacrum (Depths:1)
  2 fire giant skeletons (Depths:3)
  An elf zombie (Vaults:1)
  2 centaur zombies (D:11)
  2 storm dragon simulacra (Depths:4)
  16 vault sentinels
  A gargoyle (D:11)
  4 smoke demons
  A torpor snail (Spider:2)
  An ice statue (IceCv)
  6 black mambas
  5 orange demons
  2 molten gargoyles (Volcano)
  8 cane toads
  7 rime drakes
  A freezing wraith (Vaults:5)
  21 yaktaurs
  3 efreet
  9 komodo dragons
  4 unseen horrors
  6 ice devils
  3 hellwings
  A kobold demonologist (Depths:1)
  A spectral glowing shapeshifter (Depths:4)
  An ancient zyme (Abyss:4)
  8 tengu conjurers
  9 demonic crawlers
  A golden dragon simulacrum (Depths:4)
  9 polar bears
  22 jumping spiders
  2 shadow dragon simulacra (Depths:4)
  A tengu simulacrum (Depths:4)
  9 wind drakes
  5 trolls
  2 red devils
  35 merfolk
  54 saltlings (Desolation)
  9 hornets
  A sphinx simulacrum (Depths:4)
  An ettin zombie (Vaults:1)
  12 snapping turtles
  5 blink frogs
  38 slime creatures
  2 stone giant simulacra (Depths:1)
  10 dream sheep
  2 iron dragon simulacra (Depths:4)
  A meliai zombie (D:10)
  2 raiju (Abyss:2)
  A snapping turtle (shapeshifter) (Vaults:5)
  Sigmund (D:3)
  4 centaur simulacra (D:11)
  29 tarantellas
  5 elf simulacra (Depths:4)
  8 wyverns
  5 spriggans
  2 shadows
  30 water elementals
  47 yaks
  4 ynoxinuls
  76 redbacks
  3 fire elementals (D:15)
  8 wraiths
  A vampire (D:8)
  Eustachio (D:4)
  A golden eye (Abyss:3)
  4 basilisks
  A fire bat (Volcano)
  2 neqoxecs
  A human simulacrum (Vaults:1)
  5 steam dragons (Shoals:1)
  6 vampire mosquitoes
  A chaos spawn (Abyss:2)
  A swamp worm (shapeshifter) (Vaults:5)
  A warg (shapeshifter) (D:9)
  4 wargs (Orc:1)
  6 acid dragons
  8 hell hounds
  14 water moccasins
  Duvessa (D:4)
  A floating eye (Depths:4)
  23 orc warriors
  9 black bears
  A sky beast (D:7)
  A spriggan simulacrum (Depths:1)
  2 necrophages
  42 wolves
  14 ogres
  12 centaurs
  3 kobold brigands
  A gnoll sergeant (D:6)
  Dowan (D:4)
  13 bullfrogs
  5 glowing shapeshifter simulacra
  2 human skeletons (Vaults:4)
  A scorpion (D:6)
  4 small abominations
  A hornet simulacrum (D:14)
  A water moccasin skeleton (D:5)
  13 killer bees (D:8)
  4 wights
  2 bullfrog zombies
  13 howler monkeys
  2 hounds
  A jelly (D:8)
  26 orc priests
  A bullfrog skeleton (D:5)
  2 iron imps (Abyss:2)
  Jessica (D:2)
  A scorpion zombie (D:5)
  Ijyb (D:4)
  4 iguanas
  31 orc wizards
  2 killer bee zombies
  2 hound zombies (D:5)
  A hound skeleton (D:4)
  8 adders
  7 gnolls
  2 white imps
  An ufetubus (D:6)
  5 dart slugs
  2 worms (D:2)
  65 orcs
  8 endoplasms
  A giant cockroach (D:1)
  10 goblins
  2 hobgoblins
  3 jackals (D:1)
  5 quokkas
  9 ball pythons
  6 bats
  3 frilled lizards
  11 kobolds
  5 rats
  4 starspawn tentacles
  9 tentacles (Shoals:3)
2099 creatures vanquished.

Vanquished Creatures (collateral kills)
  An Orb Guardian (Zot:5)
  A white draconian (Depths:5)
  A yellow draconian (Depths:5)
  A peacekeeper (Desolation)
  2 servants of whispers (Desolation)
  2 deep trolls (Depths:5)
  A molten gargoyle (Desolation)
  5 saltlings (Desolation)
  14 foxfires
28 creatures vanquished.

Vanquished Creatures (others)
  An orb of fire (Zot:5)
  3 ancient liches (Zot:5)
  2 Killer Klowns (Zot:5)
  A curse toe (Zot:5)
  Nikola (Shoals:3)
  An electric golem (Zot:5)
  A Tzitzimitl (Zot:5)
  A Brimstone Fiend (Zot:5)
  2 tentacled monstrosities (Zot:5)
  3 Orb Guardians (Zot:5)
  A lich (D:13)
  2 shadow dragons (Zot:5)
  A spriggan air mage (Depths:4)
  A peacekeeper (Desolation)
  A hydra (D:15)
  A deep troll (Depths:1)
  A wizard (Lair:6)
  2 raiju (Abyss:2)
  A large abomination (Abyss:2)
  A small abomination (Abyss:2)
  An orc wizard (Orc:2)
  697 foxfires
  61 fungi
  127 plants
  6 starspawn tentacles
  23 tentacles (Shoals:3)
943 creatures vanquished.

Grand Total: 3070 creatures vanquished
